 Dungeon Crawl Stone Soup version 0.26.1-2-gb8aa6d0cf2 (webtiles) character file.

Game seed: 10000757292966307873

191261 MacCMillion the Tortoise (level 18, -2/171 HPs)
             Began as a Minotaur Berserker on Mar 12, 2021.
             Was the Champion of Trog.
             Slain by an ettin
             ... wielding a +0 giant club of distortion
              (7 damage)
             ... on level 3 of the Abyss on Mar 21, 2021.
             The game lasted 08:23:04 (35156 turns).

MacCMillion the Tortoise (Minotaur Berserker)      Turns: 35156, Time: 08:23:04

Health: -2/171     AC: 26    Str: 39    XL:     18   Next: 0%
Magic:  17/17      EV: 17    Int:  4    God:    Trog [******]
Gold:   3627       SH: 18    Dex: 10    Spells: 17/17 levels left

rFire    . . .     SeeInvis .   x - +6 demon trident (vamp)
rCold    . . .     Faith    .   P - +0 tower shield
rNeg     . . .     Spirit   .   l - +1 plate armour
rPois    +         Reflect  .   (helmet restricted)
rElec    +         Harm     .   C - scarf {repulsion}
rCorr    .         Rampage  .   Q - +2 pair of gloves {Str+3}
Will     +....                  F - +2 pair of boots
Stlth    ..........             r - amulet of regeneration
HPRegen  0.78/turn              Y - ring of Viumyl {rElec rPois Str+6 Slay+3}
MPRegen  0.15/turn              N - +4 ring of evasion

@: lethally poisoned (-2 -> -2), flayed, flying, studying Dodging, silenced,
repel missiles
A: retaliatory headbutt, horns 2
a: Renounce Religion


You were on level 3 of the Abyss.
You worshipped Trog.
Trog was exalted by your worship.
You visited 4 branches of the dungeon, and saw 27 of its levels.
You visited the Abyss 1 time.
You also visited: Bailey and Ice Cave.

You collected 4154 gold pieces.
You spent 527 gold pieces at shops.

Inventory:

Hand Weapons
 x - a +6 vampiric demon trident (weapon)
 R - the +10 bardiche of Voov {vorpal, +Inv rPois}
   (Trog gifted it to you on level 4 of the Lair of Beasts)

   It inflicts extra damage upon your enemies.
   It protects you from poison.
   It lets you turn invisible.
Missiles
 M - 10 javelins
 U - 9 silver javelins
Armour
 l - a +1 plate armour (worn)
 C - a scarf of repulsion (worn)
 F - a +2 pair of boots (worn)
 P - a +0 tower shield (worn)
 Q - a +2 pair of gloves of strength (worn)
Jewellery
 a - a +4 ring of protection
 m - an uncursed amulet of the acrobat
 r - an amulet of regeneration (around neck)
 G - an uncursed ring of protection from cold
 H - an uncursed ring of protection from fire
 N - a +4 ring of evasion (right hand)
 S - an uncursed ring of resist corrosion
 X - an uncursed ring of willpower
 Y - the ring of Viumyl (left hand) {rElec rPois Str+6 Slay+3}
   (You found it in an ice cave)

   [ring of strength]

   It affects your strength (+6).
   It affects your accuracy and damage with ranged weapons and melee attacks
   (+3).
   It insulates you from electricity.
   It protects you from poison.
Wands
 b - a wand of disintegration (31)
 q - a wand of enslavement (17)
 v - a wand of random effects (21)
 w - a wand of polymorph (37)
 y - a wand of digging (12)
 E - a wand of flame (71)
 W - a wand of iceblast (37)
Scrolls
 e - 2 scrolls of silence
 f - 7 scrolls of remove curse
 h - a scroll of blinking
 j - 5 scrolls of magic mapping
 n - 7 scrolls of enchant armour
 s - 3 scrolls of immolation
 t - a scroll of torment
 z - 3 scrolls of fog
 D - 4 scrolls of identify
 I - 2 scrolls of brand weapon
 J - a scroll of holy word
 K - 4 scrolls of teleportation
 O - 3 scrolls of fear
 V - 4 scrolls of enchant weapon
Potions
 c - 3 potions of heal wounds
 d - 13 potions of curing
 g - a potion of mutation
 i - a potion of cancellation
 k - a potion of lignification
 o - a potion of invisibility
 p - 5 potions of might
 u - 2 potions of flight
 A - 5 potions of resistance
Books
 L - a manual of Dodging


   Skills:
 - Level 17.8 Fighting
 - Level 14.4(16.2) Axes
 + Level 13.0(15.5) Polearms
 + Level 18.2 Armour
 + Level 17.1 Dodging
 + Level 5.3 Shields
 - Level 5.0 Evocations


You had 17 spell levels left.
You didn't know any spells.
Your spell library was empty.

Dungeon Overview and Level Annotations

Branches:
Dungeon (15/15)            Temple (0/1) D:4            Lair (6/6) D:9
 Shoals (4/4) Lair:2       Spider (0/4) Lair:2        Slime (0/5) Lair:6
    Orc (2/2) D:11            Elf (0/3) Orc:2        Vaults (0/5) D:14
 Depths (0/5) D:15         Bailey (visited)           IceCv (visited)

Altars:
Dithmenos
Hepliaklqana
Ru
Trog
Xom
Yredelemnul
Beogh
Jiyva

Shops:
D:7 (   D:12 }   Orc:2 (*:[

Annotations:
D:7 3 runed translucent doors, beardedkeet's ghost, novice MfCj
D:8 two headed
D:14 3 runed translucent doors, Jaliuk's ghost, journeyman DECj
D:15 Louise
Lair:2 3 runed translucent doors, kalagan's ghost, journeyman DECj
Lair:4 3 runed translucent doors, H0rd4k's ghost, adept HuAr
Shoals:1 1 runed translucent door, Flure's ghost, journeyman FeBe


Innate Abilities, Weirdness & Mutations

You reflexively headbutt those who attack you in melee.
You have a pair of horns on your head.


Message History

You bump into the translucent stone wall.
The ettin hits you with a +0 giant club of distortion.
* * * LOW HITPOINT WARNING * * *
Space warps horribly around you!
* * * LOW HITPOINT WARNING * * *
The ettin hits you but does no damage.
You are poisoned.
You feel much better.
You feel sick. The ettin hits you but does no damage.
Space warps horribly around you!
* * * LOW HITPOINT WARNING * * *
The ettin hits you but does no damage.
You barely miss the ettin.
The ettin is lightly wounded.
You feel sick.
You bump into the stone wall.
You feel less invigorated.
You feel less confused.
The ettin hits you with a +0 giant club of distortion!!!
* * * LOW HITPOINT WARNING * * *
Space warps horribly around you!
You die...

......≈
≈.≈≈≈≈. ##
.≈≈≈≈≈≈ .#
..≈≈≈≈≈
.##.≈≈≈≈≈.
##C#.≈.≈≈≈≈
#W##.≈≈≈≈.≈
#C@.≈≈≈≈≈≈
#.##.≈≈≈≈≈≈
#≈# .≈≈≈..≈
#.#.
≈≈≈.≈.≈
#≈###
≈≈..≈≈. ##
≈.≈≈.≈.
.≈≈≈.≈≈
>.≈≈≈..


You could see 2 ettins and a flayed ghost.

Vanquished Creatures
  Rupert (D:15)
  A titan (Shoals:1)
  Polyphemus (Shoals:3)
  A frost giant (Shoals:3)
  Ilsuiw (Shoals:2)
  An orc warlord (Orc:1)
  Azrael (D:13)
  3 stone giants
  2 merfolk javelineers
  11 merfolk impalers
  A fire dragon (Lair:6)
  8 hydras
  A boulder beetle (Lair:2)
  Erolcha (D:8)
  3 ice dragons
  2 vault guards (D:14)
  2 merfolk aquamancers
  3 two-headed ogres
  A catoblepas (Shoals:3)
  4 centaur warriors
  10 death yaks
  2 orc high priests
  Nergalle (Lair:1)
  Urug (Orc:2)
  4 skeletal warriors
  An unseen horror (D:12)
  16 sea snakes
  A golden dragon zombie (D:15)
  A wizard (D:14)
  A flayed ghost (D:15)
  A swamp dragon (Lair:6)
  3 lindwurms
  4 necromancers
  6 harpies
  7 orc sorcerers
  An oklob plant (Orc:1)
  16 ugly things
  9 orc knights
  A stone giant zombie (D:15)
  7 manticores
  A centaur zombie (D:13)
  16 cyclopes
  8 fauns
  8 water nymphs
  4 merfolk sirens
  5 torpor snails (Lair:6)
  2 ice statues (IceCv)
  8 cane toads
  6 orange demons (D:15)
  Maggie (D:9)
  A gargoyle (D:15)
  5 black mambas
  2 centaur skeletons (D:15)
  A spriggan zombie (D:15)
  A komodo dragon (shapeshifter) (D:15)
  7 rime drakes
  8 komodo dragons
  A guardian mummy (D:15)
  3 red devils (D:15)
  3 jumping spiders (Lair:2)
  A hornet (shapeshifter) (D:12)
  21 merfolk
  6 hornets (Lair:6)
  11 trolls
  4 polar bears
  2 tyrant leeches (Lair:6)
  3 wind drakes
  10 slime creatures
  Prince Ribbit (D:9)
  3 dream sheep (Shoals:1)
  4 snapping turtles
  16 blink frogs
  3 redbacks (Lair:2)
  A shadow (D:13)
  7 wyverns
  48 yaks
  8 water elementals
  2 wraiths
  20 humans (D:14)
  3 fire elementals (D:13)
  2 basilisks
  6 vampire mosquitoes
  Grum (D:10)
  4 acid dragons
  A soldier ant (shapeshifter) (D:15)
  6 wargs
  A hell hound (D:13)
  2 soldier ants
  11 water moccasins
  A tengu skeleton (D:15)
  42 orc warriors
  5 sky beasts
  3 swamp drakes (Lair:6)
  28 ice beasts
  2 black bears
  9 ogres
  A necrophage (D:12)
  2 phantoms
  15 centaurs
  25 wolves
  3 big kobolds
  2 gnoll sergeants (D:10)
  19 bullfrogs
  16 killer bees
  5 scorpions
  5 wights
  An electric eel (Lair:2)
  A bullfrog zombie (D:11)
  9 howler monkeys
  A crimson imp (D:14)
  15 hounds
  A quasit (D:15)
  4 bullfrog skeletons
  3 jellies
  21 orc priests
  3 gnoll shamans (D:10)
  Ijyb (D:3)
  Terence (D:2)
  Jessica (D:3)
  8 iguanas
  36 orc wizards
  Natasha (thrice) (D:2)
  6 worker ants
  2 hound skeletons
  A worker ant zombie (D:6)
  11 gnolls
  13 adders
  A shadow imp (D:5)
  2 white imps
  An ufetubus (D:7)
  2 oozes
  An adder skeleton (D:8)
  2 adder zombies
  A worm (D:2)
  3 dart slugs
  8 leopard geckos
  133 orcs
  5 giant cockroaches
  11 goblins
  11 hobgoblins
  11 jackals
  18 kobolds
  8 quokkas
  2 ball pythons
  4 bats
  6 frilled lizards
  A quokka skeleton (D:4)
  9 rats
  A bush (D:12)
1007 creatures vanquished.

Vanquished Creatures (collateral kills)
  A tyrant leech (Lair:6)
1 creature vanquished.

Vanquished Creatures (others)
  A hornet (Lair:6)
  5 dream sheep (Lair:1)
  An iguana (Lair:6)
  An orc (Orc:2)
  14 fungi
  101 plants
  4 withered plants
127 creatures vanquished.

Grand Total: 1135 creatures vanquished

Notes
Turn   | Place    | Note
-------+----------+-------------------------------------------
     0 | D:1      | MacCMillion the Minotaur Berserker began the quest for the
                  | Orb.
     0 | D:1      | Reached XP level 1. HP: 19/19 MP: 0/0
   255 | D:1      | Reached XP level 2. HP: 20/27 MP: 1/1
  1122 | D:2      | Reached XP level 3. HP: 33/33 MP: 2/2
  1466 | D:2      | Reached ** piety under Trog
  1477 | D:2      | Noticed Terence
  1484 | D:2      | Killed Terence
  1485 | D:2      | Reached skill level 3 in Armour
  1485 | D:2      | Reached XP level 4. HP: 41/41 MP: 3/3
  1865 | D:2      | Noticed Natasha
  1874 | D:2      | Killed Natasha
  1875 | D:2      | Reached skill level 5 in Axes
  2035 | D:2      | Noticed a bullfrog
  2047 | D:2      | Killed a bullfrog
  2048 | D:2      | Reached XP level 5. HP: 37/47 MP: 4/4
  2256 | D:2      | Noticed Natasha
  2267 | D:2      | Killed Natasha
  2406 | D:2      | Noticed Natasha
  2418 | D:2      | Killed Natasha
  2479 | D:2      | Reached skill level 5 in Fighting
  2774 | D:3      | Reached XP level 6. HP: 56/56 MP: 5/5
  3116 | D:3      | Reached skill level 4 in Armour
  3290 | D:3      | Noticed Jessica
  3290 | D:3      | Noticed Ijyb
  3292 | D:3      | Killed Jessica
  3298 | D:3      | Reached *** piety under Trog
  3299 | D:3      | Killed Ijyb
  3679 | D:4      | Found a staircase to the Ecumenical Temple.
  4467 | D:5      | Entered Level 5 of the Dungeon
  4467 | D:5      | Noticed a sky beast
  4477 | D:4      | Reached skill level 1 in Evocations
  4477 | D:4      | Reached XP level 7. HP: 60/61 MP: 6/6
  5021 | D:5      | You fall into a shaft and drop 2 floors!
  5180 | D:7      | Noticed beardedkeet's ghost (novice MfCj)
  5272 | D:7      | Found a runed translucent gate.
  5273 | D:7      | Found a runed translucent gate.
  5275 | D:7      | Found a runed translucent gate.
  5492 | D:7      | Found Aklaell's Antique Weapon Boutique.
  5951 | D:7      | Reached skill level 5 in Evocations
  5963 | D:7      | Reached XP level 8. HP: 50/69 MP: 7/7
  6355 | D:6      | Reached skill level 5 in Armour
  6619 | D:5      | Reached **** piety under Trog
  7459 | D:6      | Reached skill level 5 in Dodging
  7781 | D:8      | Noticed a two-headed ogre
  7821 | D:8      | Reached XP level 9. HP: 78/78 MP: 8/8
  7901 | D:8      | Reached skill level 6 in Armour
  8232 | D:8      | Found a shadowy altar of Dithmenos.
  8609 | D:9      | Noticed Erolcha
  8618 | D:8      | Killed Erolcha
  8682 | D:8      | Reached skill level 10 in Axes
  8810 | D:9      | Reached skill level 7 in Armour
  8834 | D:9      | Found a staircase to the Lair.
  8865 | D:9      | Noticed Prince Ribbit
  8900 | D:9      | Killed Prince Ribbit
  8992 | D:9      | Reached XP level 10. HP: 88/88 MP: 9/9
  9026 | D:9      | Noticed Maggie
  9037 | D:9      | Killed Maggie
  9277 | D:9      | Found a sacrificial altar of Ru.
  9434 | D:10     | Entered Level 10 of the Dungeon
  9527 | D:10     | Reached ***** piety under Trog
  9683 | D:10     | Found a hazy altar of Hepliaklqana.
  9820 | D:10     | Reached skill level 8 in Armour
  9866 | D:10     | Noticed Grum
  9875 | D:10     | Killed Grum
 10317 | D:10     | Noticed a manticore
 10327 | D:10     | Killed a manticore
 10660 | Lair:1   | Entered Level 1 of the Lair of Beasts
 10713 | Lair:1   | Reached skill level 1 in Polearms
 10813 | Lair:1   | Reached XP level 11. HP: 96/97 MP: 10/10
 10838 | Lair:1   | Reached skill level 9 in Armour
 10967 | Lair:1   | Noticed Nergalle
 10974 | Lair:1   | Noticed a spectral orc warlord
 11323 | Lair:1   | Reached skill level 10 in Armour
 11323 | Lair:1   | Reached XP level 12. HP: 108/108 MP: 11/11
 11382 | Lair:1   | Found a shimmering altar of Xom.
 11422 | Lair:1   | Killed Nergalle
 11423 | Lair:1   | Reached skill level 11 in Armour
 11615 | Lair:2   | Found a staircase to the Shoals.
 11756 | Lair:2   | Found a bloodstained altar of Trog.
 11971 | Lair:2   | Noticed a seven-headed hydra
 11991 | Lair:2   | Killed a seven-headed hydra
 12146 | Lair:2   | Found a hole to the Spider Nest.
 12363 | Lair:2   | Noticed an eight-headed hydra
 12373 | Lair:2   | Killed an eight-headed hydra
 12477 | Lair:2   | Received a gift from Trog
 12551 | Lair:2   | Noticed a boulder beetle
 12561 | Lair:2   | Noticed kalagan's ghost (journeyman DECj)
 13001 | Lair:2   | Killed a boulder beetle
 13230 | Lair:2   | Found a runed translucent gate.
 13231 | Lair:2   | Found a runed translucent gate.
 13232 | Lair:2   | Found a runed translucent gate.
 13232 | Lair:2   | Noticed a death ooze
 14158 | Lair:3   | Reached skill level 12 in Armour
 14194 | Lair:3   | Noticed a death yak
 14194 | Lair:3   | Noticed a death yak
 14241 | Lair:3   | Noticed a death yak
 14244 | Lair:3   | Killed a death yak
 14250 | Lair:3   | Killed a death yak
 14251 | Lair:3   | Reached XP level 13. HP: 119/119 MP: 12/12
 14256 | Lair:3   | Reached skill level 10 in Dodging
 14769 | D:7      | Found a runed translucent gate.
 14769 | D:7      | Found a runed translucent gate.
 14769 | D:7      | Found a runed translucent gate.
 16076 | Lair:4   | Received a gift from Trog
 16077 | Lair:4   | Got a jewelled bardiche {god gift}
 16078 | Lair:4   | Identified the +10 bardiche of Voov {vorpal, +Inv rPois}
                  | (Trog gifted it to you on level 4 of the Lair of Beasts)
 16209 | Lair:4   | Found a runed translucent gate.
 16209 | Lair:4   | Found a frozen archway.
 16210 | Lair:4   | Found a runed translucent gate.
 16243 | Lair:4   | Found a runed translucent gate.
 16261 | IceCv    | Entered an ice cave
 16689 | IceCv    | Got a faintly glowing marble ring
 16693 | IceCv    | Got a pitted platinum ring
 16849 | IceCv    | Identified the ring of Viumyl {rElec rPois Str+6 Slay+3}
                  | (You found it in an ice cave)
 16851 | IceCv    | Identified the ring "Foupt" {*Tele rPois Will+ Int-2} (You
                  | found it in an ice cave)
 17120 | Lair:4   | Noticed H0rd4k's ghost (adept HuAr)
 17122 | Lair:4   | Found a viscous altar of Jiyva.
 17211 | Lair:5   | Reached skill level 13 in Armour
 18257 | Lair:6   | Entered Level 6 of the Lair of Beasts
 18267 | Lair:6   | Reached XP level 14. HP: 129/129 MP: 13/13
 18363 | Lair:6   | Found a staircase to the Slime Pits.
 18363 | Lair:6   | Found a viscous altar of Jiyva.
 18516 | Lair:6   | Reached skill level 10 in Polearms
 19145 | Lair:6   | Received a gift from Trog
 19564 | Lair:6   | Found a runed translucent door.
 19614 | Lair:6   | Paralysed by a hornet for 1 turns
 20186 | Lair:2   | Found a viscous altar of Jiyva.
 20734 | D:11     | Found a flagged portal.
 20741 | Bailey   | Entered a bailey
 20973 | Bailey   | Reached ****** piety under Trog
 21314 | D:11     | Reached skill level 14 in Armour
 21314 | D:11     | Reached XP level 15. HP: 129/139 MP: 14/14
 21351 | D:11     | Found a staircase to the Orcish Mines.
 21917 | Orc:1    | Entered Level 1 of the Orcish Mines
 22330 | Orc:1    | Received a gift from Trog
 22968 | Orc:2    | Entered Level 2 of the Orcish Mines
 23071 | Orc:2    | Reached skill level 15 in Fighting
 23163 | Orc:2    | Found a roughly hewn altar of Beogh.
 23204 | Orc:2    | Noticed Urug
 23223 | Orc:2    | Killed Urug
 23391 | Orc:2    | Noticed an orc warlord
 23735 | Orc:1    | Killed an orc warlord
 23943 | Orc:2    | Found a roughly hewn altar of Beogh.
 23995 | Orc:2    | Reached XP level 16. HP: 143/149 MP: 15/15
 24016 | Orc:2    | Found Buzoasu's Book Boutique.
 24027 | Orc:2    | Reached skill level 15 in Armour
 24058 | Orc:2    | Found Pogh's General Store.
 24094 | Orc:2    | Paralysed by an orc sorcerer for 6 turns
 24169 | Orc:2    | Found a staircase to the Elven Halls.
 24328 | Orc:2    | Found Wohomnir's Antique Armour Boutique.
 24335 | Orc:2    | Bought a pair of glowing gloves for 255 gold pieces
 24345 | Orc:2    | Bought a glowing scarf for 272 gold pieces
 24429 | Orc:2    | Found Reesmem's Antique Weapon Boutique.
 24907 | D:12     | Received a gift from Trog
 25769 | D:12     | Found Worisiaj's Gadget Boutique.
 26590 | D:13     | Noticed Azrael
 26615 | D:13     | Killed Azrael
 26992 | D:13     | Received a gift from Trog
 27696 | D:14     | Found a runed translucent gate.
 27696 | D:14     | Found a runed translucent gate.
 27700 | D:14     | Found a runed translucent gate.
 27701 | D:14     | Noticed Jaliuk's ghost (journeyman DECj)
 27966 | D:14     | Found a shadowy altar of Dithmenos.
 28132 | D:14     | Reached skill level 16 in Armour
 28154 | D:14     | Found a gate to the Vaults.
 28704 | D:14     | Received a gift from Trog
 28887 | D:15     | Entered Level 15 of the Dungeon
 29182 | D:15     | Found a basalt altar of Yredelemnul.
 29236 | D:15     | Noticed Rupert
 29239 | D:15     | Noticed Louise
 29242 | D:15     | Killed Rupert
 29470 | D:15     | Found a staircase to the Depths.
 29921 | D:13     | Found a hazy altar of Hepliaklqana.
 30056 | Shoals:1 | Entered Level 1 of the Shoals
 30246 | Lair:2   | Reached XP level 17. HP: 125/161 MP: 16/16
 30392 | Shoals:1 | Received a gift from Trog
 30430 | Shoals:1 | Reached skill level 15 in Dodging
 30514 | Shoals:1 | Reached skill level 17 in Armour
 30534 | Shoals:1 | Found a runed translucent door.
 30534 | Shoals:1 | Noticed Flure's ghost (journeyman FeBe)
 30901 | Shoals:1 | Noticed a titan
 30945 | Shoals:1 | Killed a titan
 31093 | Shoals:1 | Identified a scroll of acquirement
 31098 | Shoals:1 | Acquired a manual of Dodging
 32261 | Shoals:2 | Received a gift from Trog
 32346 | Shoals:3 | Noticed Ilsuiw
 32368 | Shoals:2 | Killed Ilsuiw
 32815 | Shoals:3 | Reached skill level 1 in Shields
 33212 | Shoals:3 | Noticed Polyphemus
 33765 | Shoals:3 | Killed Polyphemus
 33766 | Shoals:3 | Reached skill level 18 in Armour
 33832 | Shoals:4 | Entered Level 4 of the Shoals
 34349 | Shoals:3 | Received a gift from Trog
 34754 | Shoals:4 | Reached skill level 5 in Shields
 35135 | Shoals:3 | Reached XP level 18. HP: 171/171 MP: 17/17
 35145 | Shoals:4 | Cast into level 3 of the Abyss (merfolk impaler)
 35156 | Abyss:3  | HP: 5/171 [ettin/+0 giant club of distortion (38)]
 35156 | Abyss:3  | Slain by an ettin

Illustrated notes

Levels and vault maps discovered:
D:1:      saegor_arrival_simple_c, layout_basic, st_stairs_12
D:2:      minmay_alternating_diamond, layout_loops_corners, uniq_natasha,
          uniq_terence
D:3:      layout_basic, uniq_ijyb, uniq_jessica
D:4:      layout_loops_ring, minmay_temple_entry_statues
D:5:      layout_loops_ring, grunt_decor_fettered, kennysheep_small_square
D:6:      layout_basic, grunt_tough_drop
D:7:      layout_basic, gammafunk_ghost_split, serial_shops, nicolae_shop_trees
D:8:      layout_cave_pools, lemuel_coloured_pillars_altar
D:9:      layout_rooms, lair_entry_dummy, lemuel_tele_altar, uniq_maggie,
          uniq_erolcha, uniq_prince_ribbit1
D:10:     layout_cave_pools, serial_gnoll_camp, gnoll_camp_mini_house,
          grums_kennel, gnoll_camp_mini_sergeant, gnoll_camp_mini_house,
          gnoll_camp_mini_hut, gnoll_camp_mini_house, basic_altar
D:11:     layout_loops_ring, david_orc_2, enter_bailey_3, corexii_corridor_pit
D:12:     layout_gridville, serial_shops, kennysheep_little_box,
          kb_lookout_dungeons_type
D:13:     layout_long_grid, serial_park_tiny_pond, lemuel_statue_altar,
          uniq_azrael
D:14:     layout_roguey, grunt_vaults_entry_tiered, grunt_dithmenos_smoke,
          gammafunk_ghost_hydra_chop, lightli_wizard_tower
D:15:     gammafunk_depths_entry_grave, layout_loops_ring, nrook_campfire,
          basic_altar, minmay_beelzebubs_servants, uniq_louise, uniq_rupert
Lair:1:   layout_hall_layers, kb_xom_exploding_sheep, uniq_nergalle
Lair:2:   layout_cave_shapes, shoals_dummy_entry,
          nicolae_spider_entry_tight_spaces, basic_altar, gammafunk_ghost_ooze,
          infiniplex_staircase_pool, serial_bayou_shore_a
Lair:3:   layout_concentric_octagons, lemuel_fruit_tree, grunt_megastairs_2,
          lemuel_fruit_fields
Lair:4:   layout_hall_layers, gammafunk_ghost_ooze,
          portal_ice_cave_entry_ice_beasts
Lair:5:   layout_cave_pods, grunt_megastairs_3
Lair:6:   wormcave, layout_cave_pods, guppyfry_lair_end_dragon, slime_altar_1,
          serial_bayou_shore_b
Shoals:1: cheibrodos_shoals_gigantism, layout_shoals, gammafunk_ghost_grave,
          hangedman_shoals_cup_caves
Shoals:2: layout_shoals, centaur_isle
Shoals:3: layout_shoals, st_shoals_ruin, uniq_polyphemus, uniq_ilsuiw
Shoals:4: shoals_end_grunt_ice, layout_shoals
Orc:1:    layout_caves, mines3_lemuel
Orc:2:    grunt_orc_cross, layout_caves, basic_altar
Abyss:3:  base: Temple, evilmike_abyss_rune_ettins

Skill      XL: |  1  2  3  4  5  6  7  8  9 10 11 12 13 14 15 16 17 |
---------------+----------------------------------------------------+-----
Fighting       | 4 5 6 8 9 11 12 13 14 15 17 | 17.8
Axes           | 4 5 6 8 10 12 13 14 | 14.4
Armour         | 3 4 5 7 8 10 12 13 14 16 18 | 18.2
Dodging        | 3 4 5 6 8 9 11 12 13 14 17 | 17.1
Evocations     | 1 5 |  5.0
Polearms       | 1 7 9 11 12 13 | 13.0
Shields        | 5 |  5.3

Action                   |  1- 3 |  4- 6 |  7- 9 | 10-12 | 13-15 | 16-18 || total
-------------------------+-------+-------+-------+-------+-------+-------++-------
Melee: Hand axe          |    68 |   170 |   246 |       |       |       ||   484
       Headbutt          |     8 |    30 |    64 |    90 |   149 |   155 ||   496
       War axe           |       |       |    96 |   152 |     7 |       ||   255
       Trident           |       |       |       |   326 |   196 |       ||   522
       Bardiche          |       |       |       |       |   479 |   811 ||  1290
       Glaive            |       |       |       |       |   113 |       ||   113
       Battleaxe         |       |       |       |       |       |    17 ||    17
       Demon trident     |       |       |       |       |       |    21 ||    21
Throw: Boomerang         |       |       |       |       |     3 |       ||     3
Invok: Berserk           |     1 |     4 |     3 |     5 |    19 |     6 ||    38
       Trog's Hand       |       |     2 |     1 |     2 |     1 |     1 ||     7
       Brothers in Arms  |       |       |       |       |     1 |     1 ||     2
Evoke: Wand              |       |       |     4 |    10 |    14 |     2 ||    30
  Use: Scroll            |     2 |     3 |     6 |    12 |    14 |     8 ||    45
       Potion            |       |       |     1 |     7 |     3 |    10 ||    21
 Stab: Confused          |       |       |       |       |     1 |       ||     1
Armor: Leather armour    |     7 |       |       |       |       |       ||     7
       Animal skin       |     1 |       |       |       |       |       ||     1
       Plate armour      |     7 |    99 |   193 |   323 |   533 |   556 ||  1711
Dodge: Dodged            |    32 |    60 |   134 |   294 |   561 |   895 ||  1976
       Repelled          |       |       |       |       |       |    18 ||    18
Block: Tower shield      |       |       |       |       |       |    45 ||    45
